 Dungeon Crawl Stone Soup version 0.31.0-32-g396128a36d (webtiles) character file.

Game seed: 5476797868714905453

798 Alphaeus the Changeling (level 7, 0/65 HPs)
             Began as a Troll Shapeshifter on Mar 18, 2024.
             Was a Believer of Qazlal.
             Slain by Menkaure (21 damage)
             ... on level 5 of the Dungeon.
             The game lasted 00:04:23 (2476 turns).

Alphaeus the Changeling (Troll Shapeshifter)        Turns: 2476, Time: 00:04:23

Health: 0/65       AC:  4    Str: 25    XL:     7   Next: 58%
Magic:  6/6        EV: 14    Int:  6    God:    Qazlal [**....]
Gold:   162        SH:  2    Dex:  9    Spells: 6/6 levels left

rFire   . .          .
                       - Unarmed
rCold   . . .        (no shield)
rNeg    . . .        a - +0 animal skin
rPois   .            (helmet currently unavailable)
rElec   .            (cloak currently unavailable)
rCorr   .            (gloves unavailable)
SInv    .            (boots unavailable)
Will    +....        (no amulet)
Stlth   +            u - +5 ring of evasion
HPRegen 1.10/turn    o - ring of willpower
MPRegen 0.10/turn

%: no passive effects
@: beast-form
A: beast (slay +4), large, unfitting armour, claws 3, regeneration 1, shaggy fur
1, tough skin 1
a: Begin Untransformation, Renounce Religion, Upheaval


You were on level 5 of the Dungeon.
You worshipped Qazlal.
Qazlal was pleased with you.
You were a hulking beast.
You visited 1 branch of the dungeon, and saw 5 of its levels.
You also visited: Sewer.

You collected 201 gold pieces.
You spent 39 gold pieces at shops.

Inventory:

Hand Weapons
 t - a +3 quarterstaff of chaos
Armour
 a - a +0 animal skin (worn)
Jewellery
 o - a ring of willpower (right claw)
 u - a +5 ring of evasion (left claw)
 w - an amulet of guardian spirit
Talismans
 c - a beast talisman
 d - a flux talisman
 n - a granite talisman
 p - a talisman of death
Wands
 i - a wand of flame (20)
 r - a wand of polymorph (7)
Scrolls
 f - a scroll of immolation {unknown}
 g - a scroll of teleportation
 j - 2 scrolls of torment {unknown}
 k - 3 scrolls of identify {unknown}
 m - a scroll of enchant armour {unknown}
 q - a scroll of noise {unknown}
 v - a scroll of blinking {unknown}
Potions
 b - a potion of lignification
 e - 3 potions of curing
 h - 2 potions of enlightenment
 l - a potion of haste {unknown}
 s - a potion of mutation {unknown}


   Skills:
 - Level 2.2 Fighting
 - Level 1.5 Dodging
 - Level 4.7 Unarmed Combat
 * Level 7.2 Shapeshifting


You had 6 spell levels left.
You didn't know any spells.
Your spell library contained the following spells:

 Spells                   Type           Power      Damage    Failure   Level
 Kiss of Death            Conj/Necr      0%         2d5       45%         1
 Necrotise                Necr           0%         1d4       45%         1
 Anguish                  Hex/Necr       0%         N/A       99%         4
 Cause Fear               Hex            0%         N/A       99%         4
 Sticky Flame             Fire/Alch      0%         2d4       99%         4
 Summon Blazeheart Golem  Fire/Summ      0%         N/A       99%         4
 Vhi's Electric Charge    Tloc/Air       0%         N/A       99%         4
 Arcjolt                  Conj/Air       0%         1d10      100%        5
 Plasma Beam              Fire/Air       0%         2x1d10    100%        6
 Enfeeble                 Hex            0%         N/A       100%        7
 Orb of Destruction       Conj           0%         9d5       100%        7
 Spellforged Servitor     Conj/Summ      0%         N/A       100%        7


Dungeon Overview and Level Annotations

Branches:
Dungeon (5/15)              Sewer (visited)
 Temple: D:4-7

Altars:
Qazlal
Yredelemnul

Shops:
D:1 (   D:2 =[[?(

Annotations:
D:5 Menkaure


Innate Abilities, Weirdness & Mutations

You are a hulking beast.
Your limbs bulge with bestial killing power. (Slay +4)
You are too large for most types of armour.
You have claws for hands.
Your natural rate of healing is unusually fast.
You are covered in fur. (AC +1)
You have tough skin. (AC +1)


Message History

Menkaure seems to speed up.
The orc wizard gestures at you while chanting.
Something hits you.
You barely miss something. Something hits you but does no damage.
You closely miss something. Something barely misses you.
You mangle Menkaure!!
Menkaure is severely damaged.
Menkaure barely misses you.
The orc wizard hits you with a +0 dagger.
Something hits you but does no damage.
You closely miss Menkaure.
Menkaure is severely damaged.
Menkaure calls on the powers of darkness!
Something is bathed in an unholy light!
The orc wizard convulses!
Your body is wracked with pain!
Menkaure calls on the powers of darkness!
Something is bathed in an unholy light!
The orc wizard convulses!
Your body is wracked with pain!
* * * LOW HITPOINT WARNING * * *
The orc wizard hits you with a +0 dagger.
* * * LOW HITPOINT WARNING * * *
Something hits you but does no damage.
You are too injured to fight recklessly!
You are too injured to fight recklessly!
You are too injured to fight recklessly!
You are too injured to fight recklessly!
You barely miss Menkaure.
Menkaure is severely damaged.
Menkaure casts a spell at you. Pain shoots through your body!
* * * LOW HITPOINT WARNING * * *
You feel better.
The orc wizard is engulfed in a thunderstorm.
You kill the orc wizard!
Qazlal accepts your kill. Something hits you.
* * * LOW HITPOINT WARNING * * *
Menkaure barely misses you.
You feel better. Something barely misses you. Menkaure hits you!!
You die...

.##... ##.....
###.....#
.#####.......#
...........#
..........###
#8...M.§...###
#.....h#[.....
#####....)..#
#.....###†###
#._...'.#.#
#.....###.#
#####.†...#
#### #......#
#..# #8.....#
#.#######..#


You could see Menkaure (fast).

Vanquished Creatures
  2 ogres (D:4)
  2 kobold brigands (Sewer)
  2 howler monkeys (D:5)
  A hound (D:5)
  Crazy Yiuf (D:4)
  2 iguanas (D:5)
  6 orc wizards
  7 adders
  2 river rats (Sewer)
  3 ufetubi (D:5)
  4 dart slugs
  8 orcs
  4 ball pythons
  2 endoplasms (D:2)
  5 giant cockroaches
  3 hobgoblins
  6 jackals
  8 kobolds
  2 quokkas
  A bat (D:2)
  2 frilled lizards
  6 goblins
  A kobold zombie (D:5)
  5 rats
85 creatures vanquished.

Vanquished Creatures (others)
  A human (D:5)
  An ufetubus (D:5)
2 creatures vanquished.

Grand Total: 87 creatures vanquished

Notes
Turn   | Place    | Note
-------+----------+-------------------------------------------
     0 | D:1      | Alphaeus the Troll Shapeshifter began the quest for the
                  | Orb.
     0 | D:1      | Reached XP level 1. HP: 18/18 MP: 0/0
     4 | D:1      | Found Cigilil's Weapon Emporium.
    24 | D:1      | You fall into a shaft and drop 1 floor!
    88 | D:2      | Reached skill level 1 in Fighting
    88 | D:2      | Reached XP level 2. HP: 24/27 MP: 1/1
   126 | D:2      | Found Seho's Antique Weapon Shoppe.
   273 | D:2      | Reached XP level 3. HP: 26/33 MP: 2/2
   289 | D:2      | Found Ochij's Jewellery Boutique.
   308 | D:2      | Found Jikkoc's Antique Armour Shoppe.
   328 | D:2      | Found a stormy altar of Qazlal.
   335 | D:2      | Became a worshipper of Qazlal Stormbringer
   353 | D:2      | Found Soaj's Magic Scroll Boutique.
   356 | D:2      | Bought a scroll of teleportation for 39 gold pieces
   443 | D:2      | Found Tutepted's Antique Armour Shop.
   635 | D:2      | Found a faded altar of an unknown god.
   779 | D:3      | Reached XP level 4. HP: 41/41 MP: 3/3
   796 | D:3      | Found a glowing drain.
   802 | Sewer    | Entered a sewer
   876 | Sewer    | Noticed a kobold brigand
   884 | Sewer    | Noticed a kobold brigand
   893 | Sewer    | Killed a kobold brigand
   894 | Sewer    | Reached skill level 4 in Shapeshifting
   894 | Sewer    | Reached XP level 5. HP: 37/49 MP: 4/4
   942 | Sewer    | Found a white marble altar of Elyvilon.
  1144 | D:3      | Found a stormy altar of Qazlal.
  1148 | D:3      | Reached * piety under Qazlal
  1593 | D:4      | Reached XP level 6. HP: 57/57 MP: 5/5
  1626 | D:4      | Got the Directory of the Volcano and the Cemetery
  1813 | D:4      | Reached skill level 5 in Shapeshifting
  2029 | D:4      | Reached skill level 6 in Shapeshifting
  2030 | D:4      | Reached XP level 7. HP: 52/65 MP: 6/6
  2223 | D:4      | Found a runed translucent door.
  2224 | D:4      | Noticed Crazy Yiuf
  2240 | D:4      | Killed Crazy Yiuf
  2378 | D:5      | Entered Level 5 of the Dungeon
  2423 | D:5      | Found a runed translucent door.
  2423 | D:5      | Noticed a human
  2425 | D:5      | Found a basalt altar of Yredelemnul.
  2457 | D:5      | Killed a human
  2461 | D:5      | Reached skill level 7 in Shapeshifting
  2465 | D:5      | Noticed Menkaure
  2466 | D:5      | Reached ** piety under Qazlal
  2476 | D:5      | Slain by Menkaure

Illustrated notes

Levels and vault maps discovered:
D:1:      dpeg_arrival_fog, layout_rooms, serial_shops, shop_fountains
D:2:      layout_basic, ebering_ecumenical_altar_sacrificial, serial_shops,
          nicolae_shop_waterfront, nicolae_shop_real_fake_doors, shop, shop,
          nicolae_shop_tiny_real_fake_doors, basic_altar
D:3:      layout_loops_ring, nicolae_qazlal_eye_of_the_storm,
          mainiacjoe_sewer_entry_somewhere_in_here_1
D:4:      layout_basic, kennysheep_nub, minmay_door_square,
          minmay_a_box_with_orc_wizards_in_it, uniq_crazy_yiuf_cottage
D:5:      layout_cave_pods, dk_yredelemnul_ordeal,
          nicolae_ossuary_entry_monument, uniq_menkaure

Skill      XL: |  1  2  3  4  5  6  7 |
---------------+----------------------+-----
Fighting       | 1 2 |  2.2
Unarmed Combat | 4 |  4.7
Shapeshifting  | 4 6 7 |  7.2
Dodging        | |  1.5

Action                     |  1- 3 |  4- 6 |  7- 9 || total
---------------------------+-------+-------+-------++-------
  Melee: Unarmed           |    49 |   110 |    49 ||   208
         Punch             |     1 |     2 |       ||     3
    Use: Potion            |       |       |     3 ||     3
 Armour: Animal skin       |    25 |   110 |    38 ||   173
  Dodge: Dodged            |    29 |    51 |    25 ||   105
  Block: Other             |       |       |     1 ||     1
